 Dungeon Crawl Stone Soup version 0.19.4 (webtiles) character file.

140 Kiturien the Sneak (level 5, -5/26 HPs)
             Began as a Spriggan Enchanter on Jan 30, 2017.
             Killed by divine providence
             ... invoked by an orc priest
              (15 damage)
             ... on level 3 of the Dungeon.
             The game lasted 00:13:30 (2720 turns).

Kiturien the Sneak (Spriggan Enchanter)             Turns: 2720, Time: 00:13:33

Health: -5/26      AC:  5    Str:  4    XL:     5   Next: 2%
Magic:  8/10       EV: 18    Int: 17    God:
Gold:   177        SH:  2    Dex: 17    Spells: 4 memorised, 2 levels left

rFire  . . .     SeeInvis +     g - +4 dagger (pain)
rCold  . . .     Gourm    .     b - +1 robe
rNeg   . . .     Faith    .     (shield restricted)
rPois  .         Spirit   .     (helmet restricted)
rElec  .         Reflect  +     n - +1 cloak {+Inv}
rCorr  .         Harm     .     (gloves unavailable)
MR     .....                    (boots unavailable)
Stlth  +++.......               h - +2 amulet of reflection
                                (no ring)
                                (no ring)

@: very quick
A: unfitting armour, see invisible, herbivore 3, speed 3, slow metabolism 2
a: Evoke Invisibility


You were on level 3 of the Dungeon.
You were full.

You visited 1 branch of the dungeon, and saw 3 of its levels.

You collected 177 gold pieces.

Inventory:

Hand Weapons
 a - a +1 dagger
 g - a +4 dagger of pain (weapon)
Armour
 b - a +1 robe (worn)
 n - a +1 cloak of invisibility (worn)
Jewellery
 h - a +2 amulet of reflection (around neck)
Wands
 i - a wand of slowing (20/48)
Scrolls
 e - a scroll of recharging
 j - 2 scrolls of noise
 o - 2 scrolls of identify
Potions
 k - 3 potions of heal wounds {unknown}
Books
 c - a book of Maledictions

   Spells                             Type                      Level
   a - Corona                         Hexes                        1
   b - Ensorcelled Hibernation        Hexes/Ice                    2
   c - Confuse                        Hexes                        3
   d - Tukima's Dance                 Hexes                        3
   e - Dazzling Spray                 Conjuration/Hexes            3
 l - a book of Minor Magic

   Spells                             Type                      Level
   a - Magic Dart                     Conjuration                  1
   b - Blink                          Translocation                2
   c - Call Imp                       Summoning                    2
   d - Repel Missiles                 Charms/Air                   2
   e - Slow                           Hexes                        2
   f - Conjure Flame                  Conjuration/Fire             3
   g - Mephitic Cloud                 Conjuration/Poison/Air       3
Comestibles
 m - a royal jelly


   Skills:
 - Level 2.2 Fighting
 - Level 3.1 Short Blades
 - Level 3.3 Dodging
 - Level 4.7 Stealth
 - Level 3.0 Spellcasting
 - Level 4.0 Hexes
 + Level 0.3 Evocations


You had 2 spell levels left.
You knew the following spells:

 Your Spells              Type           Power        Failure   Level  Hunger
a - Corona                Hex            ###....      3%          1    None
b - Ensorcelled Hibernat  Hex/Ice        #.....       14%         2    ##.....
c - Conjure Flame         Conj/Fire      #.......     61%         3    ###....
d - Blink                 Tloc           N/A          30%         2    ##.....


Dungeon Overview and Level Annotations

Branches:
Dungeon (3/15)

Altars:
Dithmenos
Xom


Innate Abilities, Weirdness & Mutations

You are very small and have problems with some larger weapons.
You are too small for most types of armour.
You have supernaturally acute eyesight. (SInv)
You are a herbivore.
You cover ground extremely quickly.
You need consume almost no food.


Message History

The orc throws a tomahawk.
The tomahawk misses you.
An orc priest and an orc wizard come into view.
The orc wizard shouts!
The orc wizard moves out of view.
The orc hits you with a flail.
You see here a goblin corpse.
The orc priest shouts!
You hit the orc.
The orc is heavily wounded.
The orc priest invokes the aid of Beogh against you.
Beogh smites you!
Ouch! That really hurt!
The orc priest looks braver for a moment.
An orc comes into view.
You closely miss the orc.
The orc is heavily wounded.
The orc misses you.
The orc priest calls down the wrath of Beogh upon you.
Beogh smites you!
Ouch! That really hurt!
You die...

#.......##
#..####.#
....###.###
#.........#
#..###....#
#..##(....######
#...............
#.....(.########
#######@# #o#
#'# ... .....
.o.o.S.
....o....
+..ro.....+
#..o..S...#


You could see 2 orc priests, an orc wizard, an adder (wandering), 2 orcs and a
rat (wandering).

Vanquished Creatures
  A bullfrog zombie (D:3)
  4 adders (D:2)
  2 worms (D:2)
  4 leopard geckos
  An orc (D:3)
  12 goblins
  10 hobgoblins
  3 quokkas (D:2)
  6 bats
  3 frilled lizards (D:2)
  6 kobolds
  7 rats
59 creatures vanquished.

Notes
Turn   | Place    | Note
-------+----------+-------------------------------------------
     0 | D:1      | Kiturien the Spriggan Enchanter began the quest for the Orb.
     0 | D:1      | Reached XP level 1. HP: 9/9 MP: 5/5
   237 | D:1      | Reached XP level 2. HP: 13/13 MP: 6/6
   753 | D:1      | Learned a level 2 spell: Ensorcelled Hibernation
  1322 | D:2      | Reached XP level 3. HP: 4/17 MP: 1/8
  1585 | D:2      | Reached skill level 1 in Fighting
  1956 | D:2      | Reached XP level 4. HP: 23/23 MP: 4/9
  1981 | D:2      | Learned a level 3 spell: Conjure Flame
  1984 | D:2      | Learned a level 2 spell: Blink
  2495 | D:3      | Found a shimmering altar of Xom.
  2497 | D:3      | Found a shadowy altar of Dithmenos.
  2535 | D:3      | Reached XP level 5. HP: 14/26 MP: 7/10
  2720 | D:3      | Killed from afar by an orc priest

Skill      XL: |  1  2  3  4 |
---------------+-------------+-----
Hexes          | 4 |  4.0
Spellcasting   | 3 |  3.0
Fighting       | 2 |  2.2
Short Blades   | 3 |  3.1
Dodging        | |  3.3
Stealth        | |  4.7
Evocations     | |  0.3

Action                   |  1- 3 |  4- 6 || total
-------------------------+-------+-------++-------
Melee: Dagger            |   132 |    65 ||   197
 Cast: Ensorcelled Hiber |    16 |     6 ||    22
 Abil: Evoke Invisibilit |       |     2 ||     2
       Turn Visible      |       |     2 ||     2
  Use: Scroll            |     4 |     2 ||     6
 Stab: Sleeping          |    10 |     8 ||    18
       Distracted        |     1 |       ||     1
       Invisible         |       |     3 ||     3
  Eat: Bread ration      |       |     1 ||     1
Armor: Robe              |    16 |     5 ||    21
Dodge: Dodged            |   122 |    36 ||   158
Block: Other             |     5 |     4 ||     9
